 Seeded DCSS version 0.29-a0-23-ga79f92ac9c (webtiles) character file.

Game seed: 10000000000011 (custom seed)

321 knot the Chopper (level 6, -1/48 HPs)
             Began as a Demonspawn Berserker on Jan 30, 2022.
             Was a Believer of Trog.
             Slain by Duvessa the scorpion (14 damage)
             ... on level 4 of the Dungeon.
             The game lasted 00:04:08 (4360 turns).

knot the Chopper (Demonspawn Berserker)             Turns: 4360, Time: 00:04:09

Health: -1/48      AC:  2    Str: 18    XL:     6   Next: 22%
Magic:  6/6        EV: 12    Int: 10    God:    Trog [**....]
Gold:   109        SH:  0    Dex: 12    Spells: 5/5 levels left

rFire   . . .      SeeInvis .   a - +0 hand axe
rCold   . . .      Faith    .   (no shield)
rNeg    . . .      Spirit   .   b - +0 animal skin
rPois   .          Reflect  .   (no helmet)
rElec   .          Harm     .   (no cloak)
rCorr   .          Rampage  .   (no gloves)
Will    .....                   (no boots)
Stlth   +.........              (no amulet)
HPRegen 0.16/turn               (no ring)
MPRegen 0.20/turn               (no ring)

@: on berserk cooldown, slowed, very slow
A: magic regeneration, demonic touch 2
a: Renounce Religion, Berserk, Trog's Hand


You were on level 4 of the Dungeon.
You worshipped Trog.
Trog was pleased with you.
You visited 2 branches of the dungeon, and saw 5 of its levels.

You collected 109 gold pieces.

Inventory:

Hand Weapons
 a - a +0 hand axe (weapon)
Missiles
 g - 91 stones (quivered)
 l - 2 poisoned darts
Armour
 b - a +0 animal skin (worn)
Jewellery
 d - an amulet of reflection
Wands
 n - a wand of polymorph (6)
Scrolls
 c - a scroll of amnesia {unknown}
 m - 2 scrolls of blinking
Potions
 e - a potion of curing {unknown}
 f - a potion of lignification {unknown}
 i - a potion of might {unknown}
 k - a potion of magic {unknown}


   Skills:
 - Level 3.9 Fighting
 * Level 4.2 Axes
 * Level 2.0 Throwing
 - Level 2.9 Armour
 - Level 2.9 Dodging


You had 5 spell levels left.
You didn't know any spells.
Your spell library contained the following spells:

 Spells                   Type           Power      Damage    Failure   Level
 Corpse Rot               Necr/Air       0%         N/A       50%         2
 Ensorcelled Hibernation  Hex/Ice        0%         N/A       50%         2
 Passwall                 Tmut/Erth      0%         N/A       50%         2
 Poisonous Vapours        Pois/Air       0%         N/A       50%         2
 Swiftness                Air            0%         N/A       75%         3


Dungeon Overview and Level Annotations

Branches:
Dungeon (4/15)             Temple (1/1) D:4

Altars:
Makhleb
Qazlal
Sif Muna

Shops:
D:3 [

Annotations:
D:4 Duvessa


Innate Abilities, Weirdness & Mutations

You regenerate magic rapidly.
Your touch may inflict irresistible damage on your foes.


Message History

Duvessa stings you.
You hit Dowan.
You kill Dowan!
Trog accepts your kill.
Trog appreciates your killing of a magic user.
Duvessa goes berserk!
Dowan returns to his original shape as he dies.
The goblin dissolves into shadows!
You slash the centaur skeleton!
You destroy the centaur skeleton!
Trog accepts your kill.
You hit Duvessa. Duvessa barely misses you.
Your Axes skill increases to level 4!
Your Throwing skill increases to level 2!
You have reached level 6!
Your demonic ancestry asserts itself...
Your hands glow brighter with unholy energy.
You feel the effects of Trog's Hand fading.
You feel a strong urge to attack something.
There is an open door here.
Duvessa stings you!
You feel your anger nearly subside.
You are no longer berserk.
You are exhausted.
You feel yourself slow down.
As you read the scroll labelled ELULOASUWE, it crumbles to dust.
The scroll dissolves into smoke.
It was a scroll of fog.
Duvessa stings you!
* * * LOW HITPOINT WARNING * * *
Duvessa misses you.
Okay, then.
It was a potion of heal wounds.
You feel much better.
Your skin stops crawling.
You feel less strong-willed. Duvessa closely misses you. Duvessa misses you.
Duvessa stings you!
Okay, then.
As you read the scroll labelled ROTYSO ACSU, it crumbles to dust.
It is a scroll of identify.
m - 2 scrolls of blinking Duvessa closely misses you. x2; Duvessa stings you.
* * * LOW HITPOINT WARNING * * *
Okay, then.
Duvessa stings you!
You die...

####..).....# .......
.....######.#
###......# ####.##
#.# ##..sZ..).# #..#
#.# ##..##..g..# ##.#
#.# #.s## ...(# #.#
###.### #.###......#
#.# ###+###
#§§........#
#.####⌠.§####§####$..
.# #....'.>.§§s@§# #
#.####⌠)§###### #.#
###'### #.# ###.###
#)# #.# ### #.# #.#
..# ...


You could see Duvessa the scorpion (berserk).

Vanquished Creatures
  An ogre (D:3)
  A boggart (D:4)
  An orc priest (D:4)
  A centaur skeleton (D:4)
  5 adders
  2 orcs
  5 endoplasms
  2 giant cockroaches
  4 goblins
  5 hobgoblins
  14 jackals
  A ball python (D:2)
  7 bats
  5 frilled lizards
  3 kobolds
  4 rats (D:1)
61 creatures vanquished.

Notes
Turn   | Place    | Note
-------+----------+-------------------------------------------
     0 | D:1      | knot the Demonspawn Berserker began the quest for the Orb.
     0 | D:1      | Reached XP level 1. HP: 18/18 MP: 1/1
   369 | D:1      | Gained mutation: You regenerate magic rapidly. [demonic
                  | ancestry]
   369 | D:1      | Reached XP level 2. HP: 13/24 MP: 2/2
   838 | D:1      | You fall into a shaft and drop 1 floor!
   905 | D:1      | Reached skill level 3 in Axes
  1456 | D:2      | Gained mutation: Your touch may inflict minor irresistible
                  | damage on your foes. [demonic ancestry]
  1456 | D:2      | Reached XP level 3. HP: 14/29 MP: 3/3
  2323 | D:2      | Reached ** piety under Trog
  2581 | D:2      | Reached XP level 4. HP: 23/35 MP: 4/4
  3044 | D:3      | Noticed an ogre
  3054 | D:3      | Killed an ogre
  3055 | D:3      | Reached XP level 5. HP: 8/42 MP: 5/5
  3374 | D:3      | Found Daocsar's Antique Armour Emporium.
  4038 | D:4      | Found a staircase to the Ecumenical Temple.
  4058 | D:4      | Reached skill level 1 in Throwing
  4059 | D:4      | Noticed Duvessa
  4060 | D:4      | Noticed Dowan
  4061 | D:4      | Noticed Duvessa
  4061 | D:4      | Duvessa changed into Duvessa the scorpion
  4062 | D:4      | Noticed Dowan
  4062 | D:4      | Dowan changed into Dowan the boggart
  4075 | Temple   | Entered the Ecumenical Temple
  4352 | D:4      | Killed Dowan the boggart
  4353 | D:4      | Reached skill level 4 in Axes
  4353 | D:4      | Gained mutation: Your touch may inflict irresistible damage
                  | on your foes. [demonic ancestry]
  4353 | D:4      | Reached XP level 6. HP: 41/48 MP: 6/6
  4360 | D:4      | Slain by Duvessa the scorpion

Illustrated notes

Levels and vault maps discovered:
D:1:      lordsloth_arrival_two_stooges, layout_basic, grunt_decor_fettered,
          minmay_misc_feat_diagonals, nicolae_concentric_dashed_squares_wild
D:2:      layout_rooms, hangedman_decor_clover_reticule
D:3:      layout_basic, serial_shops, shop, kennysheep_path_1
D:4:      layout_rooms, temple_doors_e, uniq_duvessa, uniq_ijyb
Temple:   dshaligram_water_room_temple

Skill      XL: |  1  2  3  4  5 |
---------------+----------------+-----
Armour         | 2 |  2.9
Dodging        | 2 |  2.9
Axes           | 3 4 |  4.2
Throwing       | 2 |  2.0
Fighting       | |  3.9

Action                   |  1- 3 |  4- 6 || total
-------------------------+-------+-------++-------
Melee: Hand axe          |   116 |    48 ||   164
       Punch             |     2 |     1 ||     3
       Touch             |     6 |     5 ||    11
Throw: Stone             |       |     7 ||     7
Invok: Berserk           |     3 |     5 ||     8
       Trog's Hand       |       |     2 ||     2
Evoke: Wand              |       |     2 ||     2
  Use: Scroll            |       |     2 ||     2
       Potion            |       |     1 ||     1
 Stab: Sleeping          |     1 |       ||     1
Armor: Animal skin       |    26 |    14 ||    40
Dodge: Dodged            |    90 |    53 ||   143

Table legend: (Time is in decaauts)
 A = Elapsed time spent in this place.
 B = Non-inter-level travel time spent in this place.
 C = Inter-level travel time spent in this place.
 D = Time resting spent in this place.
 E = Time spent auto-exploring this place.
 F = Levels seen in this place.
 G = Mean time per level.
                   A        B        C        D        E       F      G
               +--------+--------+--------+--------+--------+-----+--------+
         Total |   4452 |   4391 |     61 |   1616 |   2340 |   5 |  890.4 |
       Dungeon |   4174 |   4113 |     61 |   1349 |   2340 |   4 | 1043.5 |
        Temple |    277 |    277 |      0 |    267 |      0 |   1 |  277.0 |
               +--------+--------+--------+--------+--------+-----+--------+

Top non-repeatable levels by time:
     D:1: 1653 daAuts
     D:2: 1342 daAuts
     D:3: 989 daAuts
  Temple: 277 daAuts
     D:4: 189 daAuts
